 Dungeon Crawl Stone Soup version 0.28.0-47-ge53b351184 (webtiles) character file.

Game seed: 9827777058203424108

1780 CryoSword the Twirler (level 8, -16/64 HPs)
             Began as a Demonspawn Ice Elementalist on May 6, 2022.
             Hit by a large rock thrown by a cyclops (34 damage)
             ... on level 6 of the Dungeon.
             The game lasted 00:11:46 (7606 turns).

CryoSword the Twirler (Demonspawn Ice Elementalist) Turns: 7606, Time: 00:11:46

Health: -16/64     AC: 11    Str: 11    XL:     8   Next: 81%
Magic:  5/11       EV: 12    Int: 16    God:
Gold:   266        SH:  4    Dex: 16    Spells: 4/11 levels left

rFire   . . .      SeeInvis .   e - +0 quarterstaff (venom)
rCold   . . .      Faith    .   (shield currently unavailable)
rNeg    . . .      Spirit   .   t - +3 leather armour
rPois   +          Reflect  .   (helmet unavailable)
rElec   .          Harm     .   q - +0 cloak
rCorr   .          Rampage  .   (no gloves)
Will    +....                   (no boots)
Stlth   +++.......              (no amulet)
HPRegen 0.20/turn               j - ring of poison resistance
MPRegen 0.12/turn               s - ring of willpower

@: ice-armoured, freezing walls, studying Long Blades
A: horns 3, thin skeletal structure 1, foul stench 1, condensation shield
a: no special abilities


You were on level 6 of the Dungeon.
You visited 1 branch of the dungeon, and saw 6 of its levels.

You collected 266 gold pieces.

Inventory:

Hand Weapons
 e - a +0 quarterstaff of venom (weapon)
   (You found it on level 1 of the Dungeon)
Missiles
 b - 7 boomerangs
Armour
 a - a +0 robe
 q - a +0 cloak (worn)
   (You found it on level 4 of the Dungeon)
 t - a +3 leather armour (worn)
   (You took it off an orc on level 4 of the Dungeon)
 x - a +0 pair of boots
   (You found it on level 5 of the Dungeon)
Jewellery
 g - a ring of flight
   (You found it on level 3 of the Dungeon)
 j - a ring of poison resistance (left hand)
   (You found it on level 2 of the Dungeon)
 s - a ring of willpower (right hand)
   (You found it on level 4 of the Dungeon)
 B - a ring of ice
   (You found it on level 6 of the Dungeon)
Wands
 m - a wand of digging (8)
   (You found it on level 2 of the Dungeon)
 w - a wand of mindburst (6) (quivered)
   (You found it on level 5 of the Dungeon)
Scrolls
 c - a scroll of brand weapon
 h - a scroll of identify {unknown}
 k - 2 scrolls of enchant armour {unknown}
 l - 2 scrolls of immolation {unknown}
 r - 2 scrolls of enchant weapon {unknown}
 v - a scroll of teleportation {@r4}
 y - a scroll of magic mapping {unknown}
Potions
 d - a potion of resistance {unknown}
 f - 2 potions of ambrosia
 i - 3 potions of brilliance {unknown}
 n - a potion of heal wounds {unknown}
 o - 3 potions of curing {unknown}
 p - a potion of magic {unknown}
 u - a potion of attraction {unknown}
 z - a potion of cancellation {unknown}
 A - a potion of degeneration {unknown}


   Skills:
 + Level 5.7 Fighting
 * Level 1.5 Long Blades
 - Level 6.8 Staves
 + Level 1.5 Armour
 + Level 2.4 Dodging
 - Level 1.7 Stealth
 - Level 2.0 Spellcasting
 + Level 6.0 Ice Magic


You had 4 spell levels left.
You knew the following spells:

 Your Spells              Type           Power      Damage    Failure   Level
a - Freeze                Ice            80%        1d9       2%          1
b - Frozen Ramparts       Ice            40%        1d6       7%          3
c - Ozocubu's Armour      Ice            20%        N/A       7%          3

Your spell library contained the following spells:

 Spells                   Type           Power      Damage    Failure   Level
 Beastly Appendage        Tmut           2%         N/A       26%         1
 Summon Small Mammal      Summ           4%         N/A       26%         1
 Static Discharge         Conj/Air       1%         N/A       38%         2
 Wereblood                Tmut           1%         N/A       38%         2
 Hailstorm                Conj/Ice       11%        3d5       61%         4
 Call Canine Familiar     Summ           1%         N/A       63%         3
 Gell's Gravitas          Tloc           1%         N/A       63%         3
 Lesser Beckoning         Tloc           1%         N/A       63%         3
 Spider Form              Tmut/Pois      1%         N/A       63%         3
 Summon Guardian Golem    Hex/Summ       1%         N/A       63%         3
 Teleport Other           Tloc           1%         N/A       63%         3
 Dispel Undead            Necr           1%         3d6       95%         4
 Sticky Flame             Conj/Fire      1%         2d3       95%         4


Dungeon Overview and Level Annotations

Branches:
Dungeon (6/15)
 Temple: D:4-7

Altars:
Fedhas
Hepliaklqana
Kikubaaqudgha
Nemelex Xobeh
Qazlal
Uskayaw
Xom
Zin

Annotations:
D:5 2 runed translucent doors


Innate Abilities, Weirdness & Mutations

You have a pair of large horns on your head.
You have a somewhat thin skeletal structure. (Dex +2, Stealth+)
You may rarely emit foul miasma when damaged in melee.
A meltable shield of frost defends you. (SH +4)


Message History

Your headbutt misses the water moccasin zombie.
The water moccasin zombie bites you.
* * * LOW HITPOINT WARNING * * *
You sock the water moccasin zombie!
The water moccasin zombie closely misses you.
The water moccasin zombie bites you but does no damage.
You closely miss the water moccasin zombie.
You headbutt the water moccasin zombie!
The water moccasin zombie barely misses you.
You hit the water moccasin zombie.
The water moccasin zombie bites you but does no damage.
You sock the water moccasin zombie!
The water moccasin zombie bites you but does no damage.
You hit the water moccasin zombie.
The water moccasin zombie bites you but does no damage.
You hit the water moccasin zombie. You headbutt the water moccasin zombie.
You destroy the water moccasin zombie!
Your icy armour cracks and falls away as you move.
There is an open door here.
Things that are here:
a +0 dagger; a +0 robe Your icy envelope is restored.
Key pressed, stopping explore.
Things that are here:
a +0 falchion; a +0 scale mail; an orc corpse
There is an open door here.
k - 2 scrolls labelled MYCRUI EFEH (gained 1)
You now have 221 gold pieces (gained 10).
Found a leather armour.
An orc comes into view. It is wielding a +0 club.
The orc shouts!
The orc barely misses you.
You barely miss the orc. You headbutt the orc, but do no damage.
The orc closely misses you.
You closely miss the orc. The orc barely misses you.
You completely miss the orc. Your headbutt misses the orc.
The orc barely misses you.
You hit the orc. The orc closely misses you.
You sock the orc!
You kill the orc!
No target in view!
Things that are here:
a +0 club; an orc corpse
Found 16 bolts.
You now have 230 gold pieces (gained 9).
Could not explore, unopened door.
Could not explore, unopened door.
Could not explore, unopened door.
You open the door.
Found a ring mail.
Found a stone staircase leading down.
A white imp comes into view.
There is an open door here.
A white imp is nearby!
A white imp is nearby!
The white imp gestures at you. The puff of frost hits you.
The white imp hits you but does no damage.
You closely miss the white imp. You headbutt the white imp.
The white imp shouts, "Give in, thou feckless miscreant guttersnipe!"
The white imp hits you but does no damage.
You barely miss the white imp. You block the white imp's attack.
You hit the white imp but do no damage. You headbutt the white imp.
The white imp hits you but does no damage.
You sock the white imp!
You kill the white imp!
No target in view!
No target in view!
You now have 241 gold pieces (gained 11).
Found a stone staircase leading down.
There is a stone staircase leading down here.
Found a stone staircase leading up.
A cyclops comes into view.
You see here a manual of Long Blades {!d}.
A cyclops is nearby!
You pick up a manual of Long Blades {!d} and begin studying.
The cyclops throws a large rock.
The large rock hits you!!
There is a stone staircase leading up here.
You climb upwards.
Level annotation: 2 runed translucent doors
There is a stone staircase leading down here.
You start resting.
Search for what [Enter for "armor", or ? for help]? long blades You climb downwards.
There is a stone staircase leading up here.
No target in view!
Found a stone staircase leading up.
You now have 250 gold pieces (gained 9).
You see here a +0 ring mail.
A scorpion comes into view.
Found 5 boomerangs.
A scorpion is nearby!
A scorpion is nearby!
A scorpion is nearby!
You block the scorpion's attack.
You hit the scorpion but do no damage.
The scorpion is poisoned.
You block the scorpion's attack. The scorpion completely misses you.
You sock the scorpion!
The scorpion looks as sick as possible!
You headbutt the scorpion, but do no damage.
The scorpion stings you.
You hit the scorpion.
You kill the scorpion!
Your Long Blades skill increases to level 1!
No target in view!
You see here a scorpion corpse.
b - 7 boomerangs (gained 5)
A scorpion comes into view.
A scorpion is nearby!
A scorpion is nearby!
A scorpion is nearby!
The helpless scorpion fails to defend itself.
You sock the scorpion! You headbutt the scorpion.
The scorpion stings you but does no damage. x2
You hit the scorpion but do no damage.
The scorpion is poisoned.
You headbutt the scorpion.
You kill the scorpion!
Your Ice Magic skill increases to level 6!
No target in view!
No target in view!
Could not explore, unopened door.
Could not explore, unopened door.
Could not explore, unopened door.
You open the door.
There is an open door here.
You now have 262 gold pieces (gained 12).
You now have 266 gold pieces (gained 4).
B - a ring of ice The cyclops shouts!
A cyclops is nearby!
You hit the cyclops but do no damage.
The cyclops is poisoned.
The cyclops hits you!
You hit the cyclops.
The cyclops looks as sick as possible!
The cyclops hits you!!
* * * LOW HITPOINT WARNING * * *
Okay, then.
It was a potion of ambrosia.
You are confused.
You feel invigorated.
You're too confused to move!
The cyclops hits you but does no damage.
You bump into the rock wall.
You feel less invigorated.
You feel less confused.
The cyclops throws a large rock.
The large rock hits you!
* * * LOW HITPOINT WARNING * * *
The walls around you are covered in ice.
A film of ice covers your body!
Aim: a cyclops, quivering large rocks (moderately wounded, very poisoned, chance to affect: 47%)
The cyclops resists with some effort.
The cyclops throws a large rock.
The large rock hits you!!
Ouch! That really hurt!
You die...

..##..............#..............
..รท...............#.....#........
..................'.....#........
..##......######..#..#.#.#.#...##
..#.......# #.......##.##....##
..........#####C....###...###..##
.................C....##.##....##
................##...#.#.#.#....#
#####...#.......@#.....#.#......#
........#........#.....#.#......#
.................#.....#.#.......
......................##.##......
............)........###.###..#..
..............................#..
..####...........##...........#..
..####...........##...........#..
..#..........#...................


You could see a cyclops (very poisoned).

Vanquished Creatures
  Grinder (D:3)
  Menkaure (D:5)
  Edmund (D:4)
  A black bear (D:3)
  An ogre (D:5)
  A necrophage (D:6)
  A phantom (D:5)
  4 scorpions
  A water moccasin zombie (D:6)
  A howler monkey (D:5)
  4 crimson imps (D:5)
  A gnoll shaman (D:6)
  2 hounds (D:5)
  A bullfrog skeleton (D:6)
  2 centaur skeletons (D:5)
  A jelly (D:4)
  2 orc priests
  An orc wizard (D:6)
  A hound skeleton (D:5)
  Robin (D:4)
  8 gnolls
  2 adders
  2 shadow imps
  A white imp (D:6)
  An adder skeleton (D:4)
  A worm (D:4)
  3 dart slugs
  7 orcs
  6 ball pythons
  3 endoplasms
  2 giant cockroaches (D:1)
  13 goblins
  9 hobgoblins
  6 jackals
  7 kobolds
  6 quokkas
  4 bats
  3 frilled lizards
  A quokka skeleton (D:4)
  5 rats
119 creatures vanquished.

Notes
Turn   | Place    | Note
-------+----------+-------------------------------------------
     0 | D:1      | CryoSword the Demonspawn Ice Elementalist began the quest
                  | for the Orb.
     0 | D:1      | Reached XP level 1. HP: 13/13 MP: 3/3
    27 | D:1      | Reached skill level 1 in Fighting
   326 | D:1      | Gained mutation: You have a pair of small horns on your
                  | head. [demonic ancestry]
   326 | D:1      | Reached XP level 2. HP: 22/22 MP: 5/5
   997 | D:1      | Reached skill level 1 in Staves
  1100 | D:2      | Gained mutation: You have a pair of horns on your head.
                  | [demonic ancestry]
  1100 | D:2      | Reached XP level 3. HP: 16/28 MP: 3/6
  1104 | D:2      | Learned a level 3 spell: Frozen Ramparts
  1357 | D:2      | Found a faded altar of an unknown god.
  1510 | D:2      | Found a blossoming altar of Fedhas.
  2438 | D:3      | Noticed a black bear
  2472 | D:3      | Noticed Grinder
  2492 | D:3      | Found an ancient bone altar of Kikubaaqudgha.
  2518 | D:3      | Gained mutation: You may rarely emit foul miasma when
                  | damaged in melee. [demonic ancestry]
  2518 | D:3      | Reached XP level 4. HP: 27/34 MP: 7/7
  2676 | D:3      | Found a hide-covered altar of Uskayaw.
  2847 | D:3      | Noticed an earth elemental
  2856 | D:3      | Found a stormy altar of Qazlal.
  2857 | D:3      | Noticed an air elemental
  2859 | D:3      | Noticed a fire elemental
  2859 | D:3      | Noticed a water elemental
  2987 | D:3      | Paralysed by Grinder for 4 turns
  2994 | D:3      | Paralysed by Grinder for 5 turns
  3005 | D:3      | Killed Grinder
  3006 | D:3      | Gained mutation: You have a somewhat thin skeletal
                  | structure. (Dex +2, Stealth+) [demonic ancestry]
  3006 | D:3      | Reached XP level 5. HP: 3/41 MP: 3/8
  3006 | D:3      | Gained mutation: You have a pair of large horns on your
                  | head. [demonic ancestry]
  3006 | D:3      | Reached XP level 6. HP: 3/47 MP: 3/9
  3835 | D:4      | Found a sparkling altar of Nemelex Xobeh.
  3880 | D:4      | Learned a level 3 spell: Ozocubu's Armour
  4463 | D:4      | Noticed Robin
  4469 | D:4      | Killed Robin
  4471 | D:4      | Gained mutation: A meltable shield of frost defends you.
                  | (SH +4) [demonic ancestry]
  4471 | D:4      | Reached XP level 7. HP: 54/54 MP: 10/10
  4614 | D:4      | Noticed Edmund
  4625 | D:4      | Killed Edmund
  4990 | D:4      | Found a hazy altar of Hepliaklqana.
  5130 | D:5      | Entered Level 5 of the Dungeon
  5197 | D:5      | Reached skill level 5 in Staves
  5199 | D:5      | Reached skill level 5 in Ice Magic
  5313 | D:5      | Noticed Menkaure
  5325 | D:5      | Killed Menkaure
  5576 | D:5      | Reached XP level 8. HP: 31/61 MP: 7/11
  5606 | D:5      | Reached skill level 5 in Fighting
  6180 | D:5      | Found a runed translucent door.
  6182 | D:5      | Found a runed translucent door.
  6323 | D:5      | Noticed an angel
  6348 | D:5      | Found a shimmering altar of Xom.
  6820 | D:6      | Reached skill level 1 in Armour
  7213 | D:6      | Noticed a cyclops
  7448 | D:6      | Reached skill level 1 in Long Blades
  7606 | D:6      | Hit by a large rock thrown by a cyclops

Illustrated notes

Levels and vault maps discovered:
D:1:      dpeg_arrival_arbitrary_b, layout_loops_ring, moated_statue
D:2:      minmay_chambers_of_ones, layout_basic, basic_altar,
          ebering_ecumenical_altar_abandoned, dk_noncrumbling_4
D:3:      layout_loops_cross, general_overflow_altar,
          mainiacjoe_overflow_cross_hatched, nicolae_qazlal_style_of_elements,
          uniq_grinder
D:4:      layout_basic, nemelex_xobeh_ov_fountains_minmay,
          worldfamousw_hep_ancestral_shrine, hangedman_glass_teeth, uniq_edmund,
          uniq_robin
D:5:      lemuel_insect_pit, layout_cave_pools, zin_angel, led_xom_imps,
          serial_bayou_pond_d, minivault_1, uniq_menkaure
D:6:      layout_basic, minmay_manual_monstrance

Skill      XL: |  1  2  3  4  5  6  7  8 |
---------------+-------------------------+-----
Fighting       | 1 2 3 4 5 |  5.7
Staves         | 1 3 4 5 6 |  6.8
Ice Magic      | 4 5 6 |  6.0
Dodging        | 2 |  2.4
Armour         | 1 |  1.5
Long Blades    | 1 |  1.5
Stealth        | |  1.7
Spellcasting   | |  2.0

Action                   |  1- 3 |  4- 6 |  7- 9 || total
-------------------------+-------+-------+-------++-------
Melee: Unarmed           |    15 |       |       ||    15
       Punch             |     4 |       |       ||     4
       Short sword       |    85 |       |       ||    85
       Headbutt          |     9 |    11 |    41 ||    61
       Quarterstaff      |     4 |    69 |   158 ||   231
Throw: Boomerang         |     5 |     1 |     9 ||    15
 Cast: Freeze            |    10 |       |       ||    10
       Frozen Ramparts   |       |     5 |     9 ||    14
       Ozocubu's Armour  |       |     1 |    10 ||    11
Evoke: Wand              |       |       |     1 ||     1
  Use: Scroll            |     2 |       |       ||     2
       Potion            |       |       |     1 ||     1
 Stab: Sleeping          |     9 |     7 |     3 ||    19
       Distracted        |       |       |     1 ||     1
Armor: Robe              |    22 |     7 |       ||    29
       Leather armour    |       |     2 |    45 ||    47
Dodge: Dodged            |    62 |    31 |    86 ||   179
Block: Other             |       |       |    13 ||    13
